 Dungeon Crawl Stone Soup version 0.30.1-11-g7821555f0a (webtiles) character file.

Game seed: 8030713501055842070

102 Arctor the Trooper (level 5, -1/42 HPs)
             Began as a Human Fighter on Jan 12, 2024.
             Constricted to death by Terence (3 damage)
             ... on level 3 of the Dungeon.
             The game lasted 00:02:08 (2185 turns).

Arctor the Trooper (Human Fighter)                  Turns: 2185, Time: 00:02:09

Health: -1/42      AC:  6    Str: 15 (18) XL:     5   Next: 5%
Magic:  5/5        EV:  2    Int:  7 (8)  God:
Gold:   238        SH: 12    Dex: 11 (13) Spells: 4/4 levels left

rFire   . . .        a - +0 war axe
rCold   . . .        o - +0 tower shield
rNeg    . . .        b - +0 scale mail
rPois   .            (no helmet)
rElec   .            (no cloak)
rCorr   +            (no gloves)
SInv    .            (no boots)
Will    .....        (no amulet) Stlth
                     l - ring of resist corrosion
HPRegen 0.27/turn    (no ring)
MPRegen 0.09/turn

%: no passive effects
@: mighty, grasped by roots, hasted, constricted, very quick
A: no striking features
a: no special abilities


You were on level 3 of the Dungeon.
You visited 1 branch of the dungeon, and saw 3 of its levels.

You collected 238 gold pieces.

Inventory:

Hand Weapons
 a - a +0 war axe (weapon)
Armour
 b - a +0 scale mail (worn)
 c - a +0 buckler
 o - a +0 tower shield (worn)
Jewellery
 l - a ring of resist corrosion (left hand)
Scrolls
 e - 3 scrolls of identify
 f - a scroll of teleportation
 h - a scroll of fear
 i - a scroll of noise
 p - a scroll of enchant armour {unknown}
Potions
 q - a potion of heal wounds {unknown}


   Skills:
 + Level 3.7 Fighting
 + Level 2.9 Axes
 + Level 3.6 Armour
 + Level 3.7 Shields


You had 4 spell levels left.
You didn't know any spells.
Your spell library was empty.

Dungeon Overview and Level Annotations

Branches:
Dungeon (3/15)

Altars:
Wu Jian

Shops:
D:1 !   D:2 [

Annotations:
D:3 Terence


Message History

You escape the roots grasp.
Terence hits you with a +0 hand axe.
Terence zaps a wand.
The roots erupt in riotous growth!
The grasping roots grab you! The grasping roots constrict you.
You escape the roots grasp.
Terence hits you with a +0 hand axe. Terence attacks as you move away!
Terence hits you with a +0 hand axe.
You feel less invigorated.
You feel less confused.
Terence asks, "Do you want it fast or slow?"
You closely miss Terence.
Terence is heavily wounded.
Terence hits you with a +0 hand axe. x2
You slash Terence!
Terence is almost dead.
A kobold opens the door.
Terence says, "Don't bother to defend, it's senseless."
Terence zaps a wand.
The roots erupt in riotous growth!
The grasping roots grab you!
Terence is unaffected.
The grasping roots constrict you.
A kobold comes into view. It is wielding a +0 dagger.
Terence hits you with a +0 hand axe.
* * * LOW HITPOINT WARNING * * *
The grasping roots constrict you.
The kobold shouts!
You hit Terence.
Terence is almost dead.
Terence hits you with a +0 hand axe.
* * * LOW HITPOINT WARNING * * *
The grasping roots constrict you.
* * * LOW HITPOINT WARNING * * *
Terence hits you with a +0 hand axe.
* * * LOW HITPOINT WARNING * * *
The grasping roots constrict you.
* * * LOW HITPOINT WARNING * * *
The grasping roots release their grip on you.
It was a potion of haste.
You feel yourself speed up.
Terence zaps a wand.
The roots erupt in riotous growth!
The grasping roots grab you!
Terence is unaffected.
The grasping roots constrict you.
You die...

......##........†.......#
#.....
......##.†......†.......#
#...>.
......##................#
######
########...........[....#
#.##........###+##
#.#######+#.##
#............+
#####...#@####... ####
#.. #@.K.'... ...# #.
######... ...# # ...#
...# ####


You could see Terence and a kobold.

Vanquished Creatures
  Jessica (D:2)
  An adder (D:3)
  A worm (D:2)
  3 dart slugs (D:3)
  5 endoplasms
  2 giant cockroaches (D:1)
  2 goblins
  2 hobgoblins (D:1)
  10 jackals
  3 kobolds
  A quokka (D:1)
  8 ball pythons
  7 bats
  A frilled lizard (D:3)
  5 rats
52 creatures vanquished.

Notes
Turn   | Place    | Note
-------+----------+-------------------------------------------
     0 | D:1      | Arctor the Human Fighter began the quest for the Orb.
     0 | D:1      | Reached XP level 1. HP: 18/18 MP: 1/1
    19 | D:1      | Found Wown's Distillery.
   136 | D:1      | Found a faded altar of an unknown god.
   137 | D:1      | Noticed a golden eye
   141 | D:1      | Noticed a golden eye
   148 | D:1      | Noticed a great orb of eyes
   148 | D:1      | Noticed a floating eye
   183 | D:1      | Reached XP level 2. HP: 16/22 MP: 2/2
   612 | D:1      | Reached XP level 3. HP: 22/28 MP: 3/3
  1049 | D:2      | Found Hohatrim's Armour Shoppe.
  1338 | D:2      | Noticed Jessica
  1345 | D:2      | Killed Jessica
  1346 | D:2      | Reached XP level 4. HP: 35/35 MP: 4/4
  1772 | D:3      | Found an ornate altar of the Wu Jian Council.
  2140 | D:3      | Reached XP level 5. HP: 42/42 MP: 5/5
  2165 | D:3      | Noticed Terence
  2184 | D:3      | HP: 2/42 [constriction (2)]
  2185 | D:3      | Constricted to death by Terence

Illustrated notes

Levels and vault maps discovered:
D:1:      nzn_arrival_water_spiral, layout_basic, serial_shops, shop,
          hellmonk_ecumenical_altar_watching_god, hangedman_decor_points,
          minivault_14
D:2:      layout_basic, serial_shops, nicolae_shop_hallway_stairs, uniq_jessica
D:3:      layout_basic, nzn_wu_jian_council_hall, dk_vineyard_3, uniq_terence

Action                     |  1- 3 |  4- 6 || total
---------------------------+-------+-------++-------
  Melee: War axe           |   101 |    63 ||   164
    Use: Scroll            |       |     4 ||     4
         Potion            |       |     6 ||     6
 Armour: Scale mail        |    39 |    23 ||    62
  Dodge: Dodged            |    62 |    17 ||    79
  Block: Buckler           |    26 |       ||    26
         Tower shield      |       |    53 ||    53
